PIO (24 & UNDER)
SURREY SINNERS @ SEATTLE RAINIERS
05/15/2026
 
TOP OF THE 1ST
Surrey Sinners batting - Pitching for Seattle Rainiers : RHP Brandon Sweet
Pitching: RHP Brandon Sweet
Batting: RHB Augusto Trevino 0-0: Ball
1-0: Ball
2-0: Ball
3-0: Base on Balls
Batting: RHB Jesús Lara 0-0: Ball
Augusto Trevino steals 2nd base
1-0: Called Strike
Augusto Trevino is caught stealing 3rd base
1-1: Ball
2-1: Ball
3-1: Base on Balls
Batting: RHB Clint Younger 0-0: Ball
Jesús Lara is caught stealing 2nd base
1-0: Ball
2-0: Ball
3-0: Base on Balls
Batting: LHB Iván Espinosa 0-0: Called Strike
0-1: Called Strike
0-2: Foul Ball, location: 2F
0-2: Ball
Clint Younger steals 2nd base
1-2: Ground out 3-1 (Groundball, 34)
Top of the 1st over - 0 run(s), 0 hit(s), 0 error(s), 1 left on base; Surrey 0 - Seattle 0
BOTTOM OF THE 1ST
Seattle Rainiers batting - Pitching for Surrey Sinners : LHP Luis Perea
Pitching: LHP Luis Perea
Batting: RHB Alfredo Farías 0-0: Called Strike
0-1: Ball
1-1: Foul Ball, location: 2F
1-2: Strikes out swinging
Batting: RHB Tony Hernández 0-0: Ground out 4-3 (Groundball, 4M)
Batting: RHB Enrique Mendoza 0-0: Ball
1-0: Fly out, F8 (Flyball, 8RM)
Bottom of the 1st over - 0 run(s), 0 hit(s), 0 error(s), 0 left on base; Surrey 0 - Seattle 0
TOP OF THE 2ND
Surrey Sinners batting - Pitching for Seattle Rainiers : RHP Brandon Sweet
Batting: RHB Cooper Richard 0-0: Called Strike
0-1: Foul Ball, location: 2F
0-2: Strikes out looking
Batting: RHB Jamie Swyers 0-0: Ball
1-0: Fly out, F9 (Flyball, 9M)
Batting: RHB Ricardo Deleón 0-0: Ball
1-0: Ball
2-0: Swinging Strike
2-1: Foul Ball, location: 2F
2-2: Ball
3-2: Base on Balls
Batting: RHB Félix Castro 0-0: Foul Ball, location: 2F
0-1: Fly out, F9 (Flyball, 89M)
Top of the 2nd over - 0 run(s), 0 hit(s), 0 error(s), 1 left on base; Surrey 0 - Seattle 0
BOTTOM OF THE 2ND
Seattle Rainiers batting - Pitching for Surrey Sinners : LHP Luis Perea
Batting: LHB Alan Moore 0-0: Ball
1-0: Called Strike
1-1: Foul Ball, location: 2F
1-2: Strikes out swinging
Batting: RHB Robert Marks 0-0: Called Strike
0-1: Called Strike
0-2: SINGLE (Line Drive, 4M)
Batting: RHB Vincent Braun 0-0: Ball
1-0: Fly out, F8 (Flyball, 8LXD)
Batting: RHB Jorge Colón 0-0: Foul Ball, location: 2F
0-1: Ball
1-1: Ball
2-1: Ball
3-1: Ground out 4-3 (Groundball, 34)
Bottom of the 2nd over - 0 run(s), 1 hit(s), 0 error(s), 1 left on base; Surrey 0 - Seattle 0
TOP OF THE 3RD
Surrey Sinners batting - Pitching for Seattle Rainiers : RHP Brandon Sweet
Batting: RHB Ryan Parrish 0-0: Foul Ball, location: 2F
0-1: Swinging Strike
0-2: Strikes out swinging
Batting: RHB Augusto Trevino 0-0: Ball
1-0: Ball
2-0: Fly out, F8 (Flyball, 89D)
Batting: RHB Jesús Lara 0-0: Fly out, F7 (Flyball, 78S)
Top of the 3rd over - 0 run(s), 0 hit(s), 0 error(s), 0 left on base; Surrey 0 - Seattle 0
BOTTOM OF THE 3RD
Seattle Rainiers batting - Pitching for Surrey Sinners : LHP Luis Perea
Batting: RHB John Hill 0-0: Ball
1-0: Called Strike
1-1: Swinging Strike
1-2: SOLO HOME RUN (Flyball, 7D), Distance : 379 ft
Batting: RHB Bill Dawson 0-0: Called Strike
0-1: Ball
1-1: Ball
2-1: Ball
3-1: Base on Balls
Batting: RHB Alfredo Farías 0-0: Called Strike
0-1: Ball
1-1: Ball
2-1: Called Strike
2-2: Strikes out swinging
Batting: RHB Tony Hernández 0-0: Fly out, F9 (Flyball, 9M)
Batting: RHB Enrique Mendoza 0-0: Called Strike
0-1: Ground out 1-3 (Groundball, 13S)
Bottom of the 3rd over - 1 run(s), 1 hit(s), 0 error(s), 1 left on base; Surrey 0 - Seattle 1
TOP OF THE 4TH
Surrey Sinners batting - Pitching for Seattle Rainiers : RHP Brandon Sweet
Batting: RHB Clint Younger 0-0: Ground out 4-3 (Groundball, 4)
Batting: LHB Iván Espinosa 0-0: Foul Ball, location: 2F
0-1: Ball
1-1: Called Strike
1-2: Strikes out swinging
Batting: RHB Cooper Richard 0-0: Called Strike
0-1: Swinging Strike
0-2: Ball
1-2: Fly out, F8 (Flyball, 8LXD)
Top of the 4th over - 0 run(s), 0 hit(s), 0 error(s), 0 left on base; Surrey 0 - Seattle 1
BOTTOM OF THE 4TH
Seattle Rainiers batting - Pitching for Surrey Sinners : LHP Luis Perea
Batting: LHB Alan Moore 0-0: Ball
1-0: Foul Ball, location: 2F
1-1: Ball
2-1: Swinging Strike
2-2: Strikes out swinging
Batting: RHB Robert Marks 0-0: Ball
1-0: Called Strike
1-1: Foul Ball, location: 2F
1-2: Foul Ball, location: 2F
1-2: Ball
2-2: Strikes out looking
Batting: RHB Vincent Braun 0-0: Called Strike
0-1: Ball
1-1: Called Strike
1-2: Ball
2-2: Foul Ball, location: 2F
2-2: Strikes out swinging
Bottom of the 4th over - 0 run(s), 0 hit(s), 0 error(s), 0 left on base; Surrey 0 - Seattle 1
TOP OF THE 5TH
Surrey Sinners batting - Pitching for Seattle Rainiers : RHP Brandon Sweet
Batting: RHB Jamie Swyers 0-0: Swinging Strike
0-1: Ball
1-1: Ball
2-1: Foul Ball, location: 2F
2-2: Ball
3-2: Foul Ball, location: 2F
3-2: Base on Balls
Batting: RHB Ricardo Deleón 0-0: Ball
1-0: Called Strike
1-1: Swinging Strike
1-2: Strikes out swinging
Jamie Swyers is caught stealing 2nd base
Batter strikes out.
Batting: RHB Félix Castro 0-0: Called Strike
0-1: Called Strike
0-2: Ball
1-2: Ball
2-2: Strikes out swinging
Top of the 5th over - 0 run(s), 0 hit(s), 0 error(s), 0 left on base; Surrey 0 - Seattle 1
BOTTOM OF THE 5TH
Seattle Rainiers batting - Pitching for Surrey Sinners : LHP Luis Perea
Batting: RHB Jorge Colón 0-0: Ball
1-0: SINGLE (Flyball, 9LM)
Batting: RHB John Hill 0-0: Swinging Strike
0-1: Ball
1-1: Ball
2-1: Foul Ball, location: 2F
2-2: DOUBLE (Flyball, 89XD)
Jorge Colón to third
Runner from 3rd tries for Home, SAFE, no throw or cutoff
Batting: RHB Bill Dawson 0-0: Foul Ball, location: 2F
0-1: Ground out U3 (Groundball, 3S)
John Hill to third
Batting: RHB Alfredo Farías 0-0: Ball
1-0: SINGLE (Groundball, 6MD) (infield hit)
John Hill scores
Pinch Runner at 1st Tom Craft:
Batting: RHB Tony Hernández 0-0: Ball
1-0: Called Strike
1-1: Ball
2-1: Ball
3-1: 2-RUN HOME RUN (Flyball, 7D), Distance : 403 ft
Batting: RHB Enrique Mendoza 0-0: Ball
1-0: Called Strike
1-1: Ground out 6-3 (Groundball, 6)
Batting: LHB Alan Moore 0-0: Ball
1-0: SOLO HOME RUN (Flyball, 78D), Distance : 429 ft
Batting: RHB Robert Marks 0-0: Swinging Strike
0-1: Ball
1-1: Foul Ball, location: 2F
1-2: Ball
2-2: Foul Ball, location: 2F
2-2: Ball
3-2: Base on Balls
Batting: RHB Vincent Braun 0-0: Ball
1-0: SINGLE (Line Drive, 78M)
Robert Marks to second
Pitching: RHP Ernest Ware
Batting: RHB Jorge Colón 0-0: Swinging Strike
0-1: Foul Ball, location: 2F
0-2: Strikes out looking
Bottom of the 5th over - 5 run(s), 6 hit(s), 0 error(s), 2 left on base; Surrey 0 - Seattle 6
TOP OF THE 6TH
Surrey Sinners batting - Pitching for Seattle Rainiers : RHP Brandon Sweet
Now in CF: Tom Craft
Batting: RHB Ryan Parrish 0-0: Ground out 6-3 (Groundball, 6MS)
Batting: RHB Augusto Trevino 0-0: Foul Ball, location: 2F
0-1: Ball
1-1: Swinging Strike
1-2: Ball
2-2: Ground out 6-3 (Groundball, 6M)
Batting: RHB Jesús Lara 0-0: Ball
1-0: Ball
2-0: SINGLE (Groundball, 25) (infield hit)
Batting: RHB Clint Younger 0-0: Ball
1-0: Called Strike
Jesús Lara steals 2nd base
1-1: Called Strike
1-2: Strikes out swinging
Top of the 6th over - 0 run(s), 1 hit(s), 0 error(s), 1 left on base; Surrey 0 - Seattle 6
BOTTOM OF THE 6TH
Seattle Rainiers batting - Pitching for Surrey Sinners : RHP Ernest Ware
Batting: RHB John Hill 0-0: Called Strike
0-1: Fly out, F8 (Flyball, 8LXD)
Batting: RHB Bill Dawson 0-0: Ground out U3 (Groundball, 3)
Batting: LHB Tom Craft 0-0: Called Strike
0-1: Foul Ball, location: 2F
0-2: Ball
1-2: Foul Ball, location: 2F
1-2: Foul Ball, location: 2F
1-2: Strikes out looking
Bottom of the 6th over - 0 run(s), 0 hit(s), 0 error(s), 0 left on base; Surrey 0 - Seattle 6
TOP OF THE 7TH
Surrey Sinners batting - Pitching for Seattle Rainiers : RHP Brandon Sweet
Batting: LHB Iván Espinosa 0-0: Called Strike
0-1: Ball
1-1: Foul Ball, location: 2F
1-2: Strikes out swinging
Batting: RHB Cooper Richard 0-0: Ball
1-0: Ball
2-0: Called Strike
2-1: Ball
3-1: Base on Balls
Pitching: RHP Dani Vásquez
Batting: RHB Jamie Swyers 0-0: Called Strike
Cooper Richard is caught stealing 2nd base
0-1: Foul Ball, location: 2F
0-2: Strikes out looking
Top of the 7th over - 0 run(s), 0 hit(s), 0 error(s), 0 left on base; Surrey 0 - Seattle 6
BOTTOM OF THE 7TH
Seattle Rainiers batting - Pitching for Surrey Sinners : RHP Ernest Ware
Batting: RHB Tony Hernández 0-0: Called Strike
0-1: Swinging Strike
0-2: Strikes out swinging
Batting: RHB Enrique Mendoza 0-0: Ball
1-0: Called Strike
1-1: Foul Ball, location: 2F
1-2: Foul Ball, location: 2F
1-2: Ball
2-2: Foul Ball, location: 2F
2-2: Strikes out swinging
Batting: LHB Alan Moore 0-0: SINGLE (Groundball, 6MD)
Batting: RHB Robert Marks 0-0: Ball
1-0: Fly out, F9 (Line Drive, 9M)
Bottom of the 7th over - 0 run(s), 1 hit(s), 0 error(s), 1 left on base; Surrey 0 - Seattle 6
TOP OF THE 8TH
Surrey Sinners batting - Pitching for Seattle Rainiers : RHP Dani Vásquez
Batting: RHB Ricardo Deleón 0-0: Ball
1-0: Ball
2-0: Called Strike
2-1: Foul Ball, location: 2F
2-2: Foul Ball, location: 2F
2-2: Ball
3-2: Strikes out swinging
Batting: RHB Félix Castro 0-0: Ball
1-0: Ball
2-0: Ball
3-0: Swinging Strike
3-1: Foul Ball, location: 2F
3-2: Strikes out looking
Batting: RHB Ryan Parrish 0-0: Called Strike
0-1: Ball
1-1: Ground out 1-3 (Groundball, 34S)
Top of the 8th over - 0 run(s), 0 hit(s), 0 error(s), 0 left on base; Surrey 0 - Seattle 6
BOTTOM OF THE 8TH
Seattle Rainiers batting - Pitching for Surrey Sinners : RHP Ernest Ware
Pitching: LHP Dennis Morales
Batting: RHB Vincent Braun 0-0: Swinging Strike
0-1: Ball
1-1: Foul Ball, location: 2F
1-2: Strikes out swinging
Batting: RHB Jorge Colón 0-0: Called Strike
0-1: Ball
1-1: Ground out 5-3 (Groundball, 5S)
Batting: RHB John Hill 0-0: Called Strike
0-1: Hit by Pitch
Batting: RHB Bill Dawson 0-0: Called Strike
0-1: Ball
1-1: Fly out, F8 (Flyball, 8LM)
Bottom of the 8th over - 0 run(s), 0 hit(s), 0 error(s), 1 left on base; Surrey 0 - Seattle 6
TOP OF THE 9TH
Surrey Sinners batting - Pitching for Seattle Rainiers : RHP Dani Vásquez
Batting: RHB Augusto Trevino 0-0: Ball
1-0: Ball
2-0: Ball
3-0: Base on Balls
Batting: RHB Jesús Lara 0-0: Ball
1-0: Swinging Strike
1-1: Ball
2-1: Fielders Choice at 2nd, 1-6 (Groundball, 13S)
Batting: RHB Clint Younger 0-0: Called Strike
0-1: Ball
1-1: Swinging Strike
1-2: Ball
2-2: Strikes out swinging
Batting: LHB Iván Espinosa 0-0: Ball
1-0: Called Strike
1-1: Ball
Wild Pitch!
Jesús Lara to second
2-1: 2-RUN HOME RUN (Flyball, 9D), Distance : 363 ft
Pitching: RHP Jim Thompson
Batting: RHB Cooper Richard 0-0: Ball
1-0: Foul Ball, location: 2F
1-1: Ball
2-1: Foul Ball, location: 2F
2-2: Strikes out swinging
Top of the 9th over - 2 run(s), 1 hit(s), 0 error(s), 0 left on base; Surrey 2 - Seattle 6
Monday, December 5th, 2016 - OOTP Baseball 17.12 Build 75